 Dungeon Crawl Stone Soup version 0.29-a0-284-gf9362112df (webtiles) character file.

Game seed: 16787787508485010968

105 sylnyx the Grave Robber (level 4, -1/33 HPs)
             Began as a Ghoul Necromancer on Mar 25, 2022.
             Slain by a goblin
             ... wielding a +0 club
             ... led by Robin
              (4 damage)
             ... on level 3 of the Dungeon.
             The game lasted 00:15:27 (3263 turns).

sylnyx the Grave Robber (Ghoul Necromancer)         Turns: 3263, Time: 00:15:28

Health: -1/33      AC:  3    Str: 11    XL:     4   Next: 81%
Magic:  7/7        EV: 12    Int: 12    God:
Gold:   181        SH:  0    Dex:  9    Spells: 3/9 levels left

rFire   . . .      SeeInvis .   r - +0 spear (venom)
rCold   + . .      Faith    .   (no shield)
rNeg    + + +      Spirit   .   a - +0 robe
rPois   ∞          Reflect  .   (no helmet)
rElec   .          Harm     .   (no cloak)
rCorr   .          Rampage  .   (no gloves)
Will    .....                   i - +0 pair of boots
Stlth   ++........              s - amulet of regeneration
HPRegen 0.00/turn               (no ring)
MPRegen 0.10/turn               (no ring)

@: inhibited regen
A: claws 1, cold resistance 1, negative energy resistance 3, inhibited
regeneration, torment resistance 2
a: no special abilities


You were on level 3 of the Dungeon.
You visited 1 branch of the dungeon, and saw 4 of its levels.

You collected 181 gold pieces.

Inventory:

Hand Weapons
 r - a +0 spear of venom (weapon)
Armour
 a - a +0 robe (worn)
 i - a +0 pair of boots (worn)
Jewellery
 s - an amulet of regeneration (around neck)
Wands
 o - a wand of flame (12)
Scrolls
 c - a scroll of summoning {unknown}
 d - a scroll of fear {unknown}
 e - 4 scrolls of identify
 g - 2 scrolls of magic mapping
 h - 2 scrolls of teleportation {unknown}
 l - a scroll of brand weapon {unknown}
 m - a scroll of immolation {unknown}
 n - 2 scrolls of enchant armour {unknown}
 p - a scroll of torment {unknown}
 q - a scroll of enchant weapon {unknown}
 t - a scroll of blinking {unknown}
Potions
 b - 3 potions of magic
 f - 2 potions of heal wounds {unknown}
 j - 2 potions of brilliance {unknown}
 k - a potion of haste {unknown}


   Skills:
 - Level 0.2 Fighting
 - Level 1.7 Dodging
 - Level 2.3 Stealth
 - Level 0.4 Unarmed Combat
 * Level 3.1 Spellcasting
 - Level 5.0 Necromancy


You had 3 spell levels left.
You knew the following spells:

 Your Spells              Type           Power      Damage    Failure   Level
a - Pain                  Necr           52%        1d6       3%          1
b - Animate Skeleton      Necr           26%        N/A       3%          1
c - Animate Dead          Necr           6%         N/A       30%         4

Your spell library contained the following spells:

 Spells                   Type           Power      Damage    Failure   Level
 Vampiric Draining        Necr           13%        2d6       10%         3
 Agony                    Necr           13%        N/A       65%         5
 Summon Lightning Spire   Summ/Air       1%         N/A       94%         4
 Maxwell's Capacitive Co  Air            0%         ∞         100%        8
 Storm Form               Tmut/Air       Unusable   N/A       N/A         7

Dungeon Overview and Level Annotations

Branches:
Dungeon (4/15)
 Temple: D:4-7

Altars:

Annotations:
D:4 Robin


Innate Abilities, Weirdness & Mutations

You thrive by killing the living.
You are immune to poison.
You have sharp fingernails.
Your flesh is cold resistant. (rC+)
You are immune to negative energy. (rN+++)
You do not regenerate when monsters are visible.
You are immune to unholy pain and torment.


Message History

You hit the goblin.
The goblin is poisoned.
The goblin is severely wounded.
The goblin closely misses you.
Robin roars a battlecry!
The goblins go into a battle-frenzy!
The goblin closely misses you. The goblin barely misses you.
The goblin hits you with a +0 club.
You hit the goblin.
You kill the goblin!
The goblin hits you with a +0 club.
Robin flexes a bicep menacingly.
Robin throws the goblin at you!
The goblin hits you but does no damage. x2
The goblin hits you with a +0 club.
You hit the hobgoblin.
The hobgoblin is poisoned.
The hobgoblin is severely wounded.
The goblin barely misses you. The hobgoblin closely misses you.
Robin throws the goblin at you! The goblin closely misses you.
The goblin hits you but does no damage. The goblin closely misses you.
The goblin hits you with a +0 dagger.
You kill the hobgoblin!
The goblin misses you. The goblin barely misses you.
Robin throws the goblin at you! The goblin barely misses you. x2
The goblin hits you with a +0 club. The goblin closely misses you.
You climb upwards.
There is a stone staircase leading down here.
The goblin attacks as you move away! The goblin closely misses you.
The goblin attacks as you move away! The goblin misses you.
The goblin attacks as you move away! The goblin hits you with a +0 dagger.
The goblin closely misses you. The goblin barely misses you.
The goblin attacks as you move away! The goblin closely misses you.
The goblin hits you with a +0 club.
* * * LOW HITPOINT WARNING * * *
The goblin hits you with a +0 dagger.
* * * LOW HITPOINT WARNING * * *
The goblin hits you with a +0 dagger.
* * * LOW HITPOINT WARNING * * *
You see here 2 boomerangs.
The goblin attacks as you move away! The goblin closely misses you.
The goblin attacks as you move away! The goblin hits you with a +0 club.
You die...

#### ###.......#
...#############...<.....#
..................########
...########.......#
...########.......##
..............>....####
<.........#........##.####
..>......##..............#
....(....##.....@.#..###.#
#########.).###g.....# #.#
####......##.gg.###.## #.#
#....######..g##....####.#
..#####......g......##...#
######..#..............###
#......##.............##
#.#######......>......#
..# ######...)......###


You could see 5 goblins.

Vanquished Creatures
  3 adders (D:3)
  3 gnolls (D:3)
  A worm (D:2)
  An orc (D:3)
  2 ball pythons
  6 bats
  4 endoplasms
  A giant cockroach (D:1)
  3 goblins (D:4)
  4 hobgoblins
  A kobold (D:2)
  A quokka (D:2)
  6 frilled lizards
  5 rats
41 creatures vanquished.

Vanquished Creatures (collateral kills)
  An orc (D:3)
  An endoplasm (D:2)
  A rat (D:1)
3 creatures vanquished.

Grand Total: 44 creatures vanquished

Notes
Turn   | Place    | Note
-------+----------+-------------------------------------------
     0 | D:1      | sylnyx the Ghoul Necromancer began the quest for the Orb.
     0 | D:1      | Reached XP level 1. HP: 14/14 MP: 2/2
   151 | D:1      | Reached XP level 2. HP: 20/20 MP: 1/3
   153 | D:1      | Learned a level 1 spell: Animate Skeleton
  1341 | D:2      | Reached XP level 3. HP: 7/26 MP: 1/5
  1621 | D:2      | Found a faded altar of an unknown god.
  2545 | D:3      | Reached XP level 4. HP: 16/33 MP: 0/6
  2781 | D:3      | Reached skill level 5 in Necromancy
  2787 | D:3      | Learned a level 4 spell: Animate Dead
  3247 | D:4      | Noticed Robin
  3263 | D:3      | Slain by a goblin

Illustrated notes

Levels and vault maps discovered:
D:1:      ncdulo_watergridlock, layout_basic
D:2:      layout_loops_cross, basic_ecumenical_altar, minmay_lizard_pond
D:3:      layout_rooms
D:4:      layout_layer_cave, portal_sewer_entry_a, uniq_pikel, uniq_robin

Skill      XL: |  1  2  3  4 |
---------------+-------------+-----
Spellcasting   | 2 3 |  3.1
Necromancy     | 5 |  5.0
Fighting       | |  0.2
Dodging        | |  1.7
Stealth        | |  2.3
Unarmed Combat | |  0.4

Action                   |  1- 3 |  4- 6 || total
-------------------------+-------+-------++-------
Melee: Unarmed           |    87 |       ||    87
       Punch             |     1 |       ||     1
       Spear             |       |    16 ||    16
 Cast: Pain              |    62 |    10 ||    72
       Animate Skeleton  |    12 |     2 ||    14
       Animate Dead      |       |     2 ||     2
Evoke: Wand              |     2 |       ||     2
  Use: Scroll            |     1 |       ||     1
 Stab: Sleeping          |     1 |       ||     1
       Distracted        |       |     1 ||     1
Armor: Robe              |    45 |     8 ||    53
Dodge: Dodged            |   123 |    29 ||   152

Table legend: (Time is in decaauts)
 A = Elapsed time spent in this place.
 B = Non-inter-level travel time spent in this place.
 C = Inter-level travel time spent in this place.
 D = Time resting spent in this place.
 E = Time spent auto-exploring this place.
 F = Levels seen in this place.
 G = Mean time per level.
                   A        B        C        D        E       F      G
               +--------+--------+--------+--------+--------+-----+--------+
         Total |   3268 |   3198 |     70 |    992 |    672 |   4 |  817.0 |
       Dungeon |   3268 |   3198 |     70 |    992 |    672 |   4 |  817.0 |
               +--------+--------+--------+--------+--------+-----+--------+

Top non-repeatable levels by time:
     D:1: 1352 daAuts
     D:2: 1068 daAuts
     D:3: 839 daAuts
     D:4: 8 daAuts
